 Dungeon Crawl Stone Soup version 0.25-a0-516-g7d600cd9ad (webtiles) character file.

Game seed: 16956248125012561752, levelgen mode: deterministic

88 ReteAZ the Magician (level 4, -1/30 HPs)
             Began as a Mummy Wizard on Feb 17, 2020.
             Slain by Crazy Yiuf
             ... wielding a +3 quarterstaff of chaos
              (10 damage)
             ... while paralysed by Crazy Yiuf
             ... on level 3 of the Dungeon.
             The game lasted 00:08:14 (4069 turns).

ReteAZ the Magician (Mummy Wizard)                  Turns: 4069, Time: 00:08:14

Health: -1/30      AC:  2    Str: 10    XL:     4   Next: 30%
Magic:  1/10       EV:  2    Int: 18    God:
Gold:   115        SH:  0    Dex: 10    Spells: 5/11 levels left

rFire    x . .     SeeInvis .   l - +0 rapier
rCold    + . .     Gourm    .   (no shield)
rNeg     + + +     Faith    .   a - +0 robe
rPois    ∞         Spirit   .   b - +0 hat
rElec    .         Reflect  .   (no cloak)
rCorr    .         Harm     .   (no gloves)
MR       .....                  (no boots)
Stlth    +++.......             (no amulet)
HPRegen  0.10/turn              j - ring of stealth (curse)
MPRegen  0.12/turn              (no ring)

@: paralysed, very slightly contaminated
A: no food or potions, fire vulnerability, cold resistance 1, negative energy
resistance 3, torment resistance, unbreathing
a: no special abilities


You were on level 3 of the Dungeon.
You were not hungry.

You visited 1 branch of the dungeon, and saw 3 of its levels.

You collected 115 gold pieces.

Inventory:

Hand Weapons
 c - a +0 short sword
 e - a +0 club
 l - a +0 rapier (weapon)
Missiles
 d - 78 stones (quivered)
 n - 11 bolts
 o - 31 arrows
Armour
 a - a +0 robe (worn)
 b - a +0 hat (worn)
 g - a +0 leather armour
Jewellery
 j - a cursed ring of stealth (left hand)
Wands
 p - a wand of paralysis (9)
Scrolls
 f - 3 scrolls of identify {unknown}
 h - 2 scrolls of remove curse {unknown}
 i - 4 scrolls of fear {unknown}
 k - 3 scrolls of blinking {unknown}
 m - a scroll of teleportation {unknown}


   Skills:
 - Level 1.5 Dodging
 - Level 1.5 Stealth
 + Level 4.1 Spellcasting
 + Level 3.0 Conjurations
 + Level 0.9 Summonings
   Level 0.7 Translocations
 * Level 0.6 Air Magic
 * Level 0.5 Poison Magic


You had 5 spell levels left.
You knew the following spells:

 Your Spells              Type           Power        Failure   Level  Hunger
a - Magic Dart            Conj           ##..         4%          1    N/A
b - Call Imp              Summ           #.......     16%         2    N/A
c - Mephitic Cloud        Conj/Pois/Air  #.......     24%         3    N/A

Your spell library contained the following spells:

 Spells                   Type           Power        Failure   Level  Hunger
 Blink                    Tloc           N/A          16%         2    N/A
 Slow                     Hex            #.......     22%         2    N/A
 Conjure Flame            Conj/Fire      #.......     24%         3    N/A

Dungeon Overview and Level Annotations

Branches:
Dungeon (3/15)

Altars:
Wu Jian
Zin

Annotations:
D:3 Crazy Yiuf


Innate Abilities, Weirdness & Mutations

You do not eat or drink.
Your flesh is vulnerable to fire.
You are immune to poison.
Your flesh is cold resistant. (rC+)
You are immune to negative energy. (rN+++)
You are immune to unholy pain and torment.
You can survive without breathing.


Message History

Your crimson imp barely misses Crazy Yiuf.
You hit Crazy Yiuf.
Crazy Yiuf is severely wounded.
Your crimson imp misses Crazy Yiuf.
Your crimson imp hits Crazy Yiuf.
Crazy Yiuf completely misses you.
You barely miss Crazy Yiuf.
Crazy Yiuf is almost dead.
Your crimson imp blinks!
Crazy Yiuf hits you with a +3 quarterstaff of chaos.
You closely miss Crazy Yiuf.
Crazy Yiuf is almost dead.
Your crimson imp blinks!
Crazy Yiuf hits you with a +3 quarterstaff of chaos!
* * * LOW HITPOINT WARNING * * *
You suddenly lose the ability to move!
Your crimson imp hits Crazy Yiuf but does no damage.
Your crimson imp blinks!
Crazy Yiuf says, "Ghoul down canine!"
Crazy Yiuf hits you with a +3 quarterstaff of chaos!
You die...

........#######..#
.......## ##.##
..###### #..# .##
##.## .# #..# .#
##.# .# ###
#####§# .# #)..###
##P.+..# .#
#..g'.####.Pg@..#
.#
#...##..#.55§...#
.# ###
###.#...+..# .#
########## .# .###
...# ##.# #.#


You could see Crazy Yiuf and 2 friendly crimson imps.

Vanquished Creatures
  An adder (D:3)
  A worm (D:3)
  A dart slug (D:3)
  2 orcs (D:2)
  4 bats
  3 giant cockroaches
  3 goblins (D:1)
  7 hobgoblins
  4 kobolds
  A quokka (D:3)
  A frilled lizard (D:1)
  8 rats
36 creatures vanquished.

Vanquished Creatures (collateral kills)
  An orc priest (D:2)
  An adder (D:3)
  2 dart slugs (D:1)
  A bat (D:1)
  A giant cockroach (D:1)
  2 jackals (D:2)
8 creatures vanquished.

Grand Total: 44 creatures vanquished

Notes
Turn   | Place    | Note
-------+----------+-------------------------------------------
     0 | D:1      | ReteAZ the Mummy Wizard began the quest for the Orb.
     0 | D:1      | Reached XP level 1. HP: 13/13 MP: 5/5
    24 | D:1      | Reached skill level 1 in Conjurations
   275 | D:1      | Reached XP level 2. HP: 16/19 MP: 0/7
   357 | D:1      | Learned a level 2 spell: Call Imp
  1242 | D:2      | Reached XP level 3. HP: 24/24 MP: 5/8
  1430 | D:2      | Learned a level 3 spell: Mephitic Cloud
  2311 | D:3      | Found an ornate altar of the Wu Jian Council.
  3514 | D:3      | Reached XP level 4. HP: 27/30 MP: 0/10
  3635 | D:3      | Found a glowing silver altar of Zin.
  4044 | D:3      | Found a runed translucent door.
  4045 | D:3      | Noticed Crazy Yiuf
  4068 | D:3      | Paralysed by Crazy Yiuf for 2 turns
  4069 | D:3      | Slain by Crazy Yiuf

Levels and vault maps discovered:
D:1:      elethiomel_arrival_infinity_welcomes_careful_drivers, layout_basic,
          minmay_misc_feat_chi
D:2:      layout_basic, hangedman_glass_teeth
D:3:      minmay_door_path, layout_rooms, nicolae_overflow_crystal_walls,
          zin_academy, skrybe_limestone_x, uniq_crazy_yiuf_cottage

Skill      XL: |  1  2  3 |
---------------+----------+-----
Conjurations   | 1 2 3 |  3.0
Dodging        | |  1.5
Stealth        | |  1.5
Spellcasting   | |  4.1
Summonings     | |  0.9
Translocations | |  0.7
Air Magic      | |  0.6
Poison Magic   | |  0.5

Action                   |  1- 3 |  4- 6 || total
-------------------------+-------+-------++-------
Melee: Unarmed           |     5 |       ||     5
       Short sword       |     6 |       ||     6
       Rapier            |     3 |    15 ||    18
 Cast: Magic Dart        |    84 |    29 ||   113
       Call Imp          |     8 |     4 ||    12
 Stab: Distracted        |       |     1 ||     1
Armor: Robe              |     3 |       ||     3
Dodge: Dodged            |    16 |    16 ||    32

Table legend:
 A = Non-vault XP
 B = Vault XP
 C = Vault XP percentage of total XP
 D = Non-vault monster count
 E = Vault monster count
 F = Vault count percentage of total count
                 A         B        C        D         E       F
            +---------+---------+-------+---------+---------+-------
      Total |     127 |       0 |   0.0 |      44 |       0 |   0.0
            +---------+---------+-------+---------+---------+-------
        D:1 |      40 |       0 |   0.0 |      22 |       0 |   0.0
        D:2 |      50 |       0 |   0.0 |      14 |       0 |   0.0
        D:3 |      37 |       0 |   0.0 |       8 |       0 |   0.0
            +---------+---------+-------+---------+---------+-------
